 Dungeon Crawl Stone Soup version 0.22.0 (webtiles) character file.

151342 Jeremy the Fighter (level 17, -3/208 HPs)
             Began as a Demonspawn Berserker on Nov 13, 2018.
             Was a High Priest of Trog.
             Slain by an acid blob (14 damage)
             ... on level 4 of the Pits of Slime.
             The game lasted 02:31:59 (32705 turns).

Jeremy the Fighter (Demonspawn Berserker)          Turns: 32705, Time: 02:32:00

Health: -3/208     AC: 16    Str: 27      XL:     17   Next: 0%
Magic:  0/15       EV: 17    Int:  7 (8)  God:    Trog [*****.]
Gold:   3441       SH:  8    Dex: 20      Spells: 16/16 levels left

rFire    + . .     SeeInvis .   W - +9 lance "Wyrmbane" {slay drac, rPois rF+ rC+ AC+3}
rCold    + + .     Gourm    .   d - +0 buckler
rNeg     + + +     Faith    .   O - +6 plate armour {rC+}
rPois    +         Spirit   +   J - +1 hat
rElec    +         Reflect  .   I - +2 cloak {MR+}
rCorr    +         Harm     .   h - +1 pair of gloves of Astekoaz {-Cast rN++ rCorr}
MR       +++++     NoCast   +   (boots unavailable)
Stlth    ..........             U - amulet of regeneration
HPRegen  1.84/turn              H - ring of the Pariah {+Fly rElec Dex+3}
MPRegen  0.28/turn              w - ring "Luhauj" {*Drain +Fly rN+ MR++ Dex+3}

@: berserking, corroded, sanguine armour, regenerating, very quick
A: talons 3, blurry vision 1, deterioration 1, dopey 1, low mp 1, spiny 1, magic
shield, magic regeneration, magic link, no potion heal 1, sanguine armour 3
a: Berserk, Trog's Hand, Brothers in Arms, Renounce Religion, Evoke Flight


You were on level 4 of the Pits of Slime.
You worshipped Trog.
Trog was extremely pleased with you.
You were near starving.

You visited 4 branches of the dungeon, and saw 28 of its levels.
You also visited: Labyrinth and Bailey.

You collected 3441 gold pieces.

Inventory:

Hand Weapons
 v - a +8 quick blade
 E - a +1 double sword of draining
 F - the +5 long sword "Lacertilian's Funeral" {elec, Stlth+}
   (You found it on level 7 of the Dungeon)

   Occasionally, upon striking a foe, it will discharge some electrical energy
   and cause terrible harm.
   It makes you more stealthy.
 Q - the +1 hunting sling of Summoaf {venom, Dex+3}
   (You found it on level 9 of the Dungeon)

   It poisons the ammo it fires.
   It affects your dexterity (+3).
 V - a +0 shortbow
 W - the +9 lance "Wyrmbane" (weapon) {slay drac, rPois rF+ rC+ AC+3}
   (Trog gifted it to you on level 12 of the Dungeon)

   It affects your AC (+3).
   It protects you from fire.
   It protects you from cold.
   It protects you from poison.
 Z - the +5 short sword "Loinikk" {pierce, SInv}
   (You found it on level 5 of the Lair of Beasts)

   It inflicts extra damage upon your enemies.
   It lets you see invisible.
Missiles
 a - 46 tomahawks of returning (quivered)
 f - 22 sling bullets
 g - 3 javelins of penetration
 o - 356 stones
 K - 287 arrows
 P - 15 javelins
 Y - 13 javelins of returning
Armour
 b - a +1 pair of gloves of archery
 d - a +0 buckler (worn)
 h - the +1 pair of gloves of Astekoaz (worn) {-Cast rN++ rCorr}
   (You found it in a labyrinth)

   It greatly protects you from negative energy.
   It prevents spellcasting.
   It provides partial protection from all sources of acid and corrosion.
 I - a +2 cloak of magic resistance (worn)
 J - a +1 hat (worn)
 O - a +6 plate armour of cold resistance (worn)
Jewellery
 w - the ring "Luhauj" (right hand) {*Drain +Fly rN+ MR++ Dex+3}
   (You found it on level 4 of the Dungeon)

   [ring of flight]

   It affects your dexterity (+3).
   It protects you from negative energy.
   It affects your resistance to hostile enchantments.
   It lets you fly.
   It causes draining when unequipped.
 H - the ring of the Pariah (left hand) {+Fly rElec Dex+3}
   (You found it on level 5 of the Lair of Beasts)

   [ring of flight]

   It affects your dexterity (+3).
   It insulates you from electricity.
   It lets you fly.
 T - an uncursed ring of see invisible
 U - an amulet of regeneration (around neck)
Wands
 j - a wand of disintegration (5)
 p - a wand of digging (26)
 s - a wand of polymorph (27)
 z - a wand of iceblast (27)
 B - a wand of paralysis (27)
 D - a wand of enslavement (16)
 G - a wand of random effects (11)
 M - a wand of clouds (4)
Scrolls
 i - 13 scrolls of teleportation
 k - 2 scrolls of enchant weapon
 t - 4 scrolls of magic mapping
 y - 4 scrolls of fog
 A - 5 scrolls of fear
 R - 5 scrolls of remove curse
 S - 2 scrolls of blinking
Potions
 e - a potion of resistance
 l - a potion of cancellation
 m - 3 potions of heal wounds
 n - 3 potions of berserk rage
 r - 2 potions of might
 u - a potion of ambrosia
 x - 6 potions of curing
 C - 6 potions of lignification
 L - 3 potions of mutation
 X - a potion of haste
Miscellaneous
 q - a box of beasts
Comestibles
 c - 30 rations


   Skills:
 + Level 14.1 Fighting
 - Level 4.9(6.7) Short Blades
 - Level 7.1(7.9) Long Blades
 + Level 10.2 Polearms
 + Level 12.9 Armour
 + Level 13.0 Dodging
 + Level 12.8 Shields


You had 16 spell levels left.
You didn't know any spells.
Your spell library contained the following spells:

 Spells                   Type           Power        Failure   Level  Hunger
 Cause Fear               Hex            #.........   100%        4    #####..
 Apportation              Tloc           #.....       98%         1    ##.....
 Conjure Flame            Conj/Fire      #.......     100%        3    ####...
 Lightning Bolt           Conj/Air       #.........   100%        5    ######.
 Bolt of Magma            Conj/Fire/Erth #.........   100%        5    ######.
 Slow                     Hex            #.......     99%         2    ###....
 Invisibility             Hex            #.......     100%        6    #######
 Freezing Cloud           Conj/Ice/Air   #.........   100%        6    #######
 Mephitic Cloud           Conj/Pois/Air  #.......     100%        3    ####...
 Ring of Flames           Chrm/Fire      #.........   100%        7    #######
 Venom Bolt               Conj/Pois      #.........   100%        5    ######.
 Olgreb's Toxic Radiance  Pois           #.......     100%        4    #####..
 Animate Dead             Necr           N/A          100%        4    #####..
 Ozocubu's Refrigeration  Ice            #.........   100%        6    #######
 Call Imp                 Summ           #.......     99%         2    ###....
 Sting                    Conj/Pois      #...         98%         1    ##.....
 Tukima's Dance           Hex            #.......     100%        3    ####...
 Iron Shot                Conj/Erth      #.........   100%        6    #######
 Stone Arrow              Conj/Erth      #.....       100%        3    ####...
 Recall                   Summ/Tloc      N/A          100%        3    ####...
 Statue Form              Tmut/Erth      #........    100%        6    #######
 Ice Form                 Ice/Tmut       #.......     100%        4    #####..
 Death Channel            Necr           #.........   100%        6    #######
 Passwall                 Tmut/Erth      #.......     99%         2    ###....
 Call Canine Familiar     Summ           #.......     100%        3    ####...
 Summon Butterflies       Summ           #.......     98%         1    ##.....
 Shatter                  Erth           #.........   100%        9    #######
 Static Discharge         Conj/Air       #.......     100%        3    ####...
 Corona                   Hex            #......      98%         1    ##.....
 Alistair's Intoxication  Tmut/Pois      #.......     100%        5    ######.
 Lee's Rapid Deconstruct  Erth           #.........   100%        5    ######.
 Sandblast                Erth           #.....       98%         1    ##.....
 Simulacrum               Ice/Necr       #.........   100%        6    #######
 Portal Projectile        Hex/Tloc       #.....       100%        3    ####...
 Petrify                  Tmut/Erth      #.......     100%        4    #####..
 Tornado                  Air            #.........   100%        9    #######
 Leda's Liquefaction      Hex/Erth       #.........   100%        4    #####..
 Shroud of Golubria       Chrm/Tloc      #.........   99%         2    ###....
 Inner Flame              Hex/Fire       #.......     100%        3    ####...
 Lesser Beckoning         Tloc           #.........   100%        3    ####...
 Poisonous Vapours        Pois/Air       #.....       99%         2    ###....
 Ignition                 Fire           #.........   100%        8    #######
 Borgnjor's Vile Clutch   Necr/Erth      #.........   100%        5    ######.


Dungeon Overview and Level Annotations

Branches:
Dungeon (15/15)            Temple (0/1) D:6            Lair (6/6) D:10
  Swamp (0/4) Lair:2        Snake (0/4) Lair:2        Slime (5/5) Lair:5
    Orc (2/2) D:12            Elf (0/3) Orc:2        Vaults (0/5) D:13
 Depths (0/5) D:15

Altars:
Dithmenos
Elyvilon
Hepliaklqana
Nemelex Xobeh
Okawaru
Qazlal
Uskayaw
Xom
Zin
The Shining One
Jiyva

Shops:
D:8 =   D:11 }   D:12 (   Orc:2 }%(

Annotations:
D:15 exclusion: oklob plant
Slime:5 Royal Jelly


Innate Abilities, Weirdness & Mutations

You have claws for feet.
You are partially covered in sharp spines.
When hurt, damage is shared between your health and your magic reserves.
You regenerate magic rapidly.
When low on magic, you restore magic in place of health.
When seriously injured, your bleeding wounds create very thick armour. (AC +12)
Scrolls take you a little longer to read.
Your body sometimes deteriorates upon taking damage.
You are dopey. (Int -2)
Your magical capacity is low. (-10% MP)
Potions are less effective at restoring your health.


Message History

* * * LOW HITPOINT WARNING * * *
You are splashed with acid!
The acid burns!
You resist.
* * * LOW HITPOINT WARNING * * *
You block the slime creature's attack.
You are too berserk!
You puncture the acid blob!
Your hands burn!
* * * LOW HITPOINT WARNING * * *
You claw the acid blob, but do no damage.
The acid blob is heavily wounded.
The azure jelly is struck by your spines.
The azure jelly barely misses you.
The azure jelly hits you but does no damage. x2
The azure jelly hits you!
* * * LOW HITPOINT WARNING * * *
You puncture the acid blob!
Your hands burn!
* * * LOW HITPOINT WARNING * * *
You claw the acid blob, but do no damage.
The acid blob is severely wounded.
The acid blob hits you!!
You die...

##.........
##..........
.......... .
###.......# .
..#.........#..
...............
.......JJ......
......<@.......
.......J.......
...............
...............
...............
JJ...........#.
...............
...............


You could see an acid blob, an azure jelly and 3 slime creatures.

Vanquished Creatures
  12 acid blobs
  Gastronok (D:8)
  An azure jelly (Slime:3)
  2 orc warlords
  A dire elephant (Lair:6)
  Azrael (D:14)
  A minotaur (Lab)
  4 ettins
  Snorg (D:14)
  A death ooze (Slime:2)
  The ghost of catcat the Grappler, a journeyman TrFi of Okawaru (Lair:1)
  Erolcha (D:10)
  5 great orbs of eyes
  A vault guard (D:13)
  Harold (Lair:1)
  16 two-headed ogres
  5 hydras
  Erica (D:10)
  3 ogre magi
  3 centaur warriors
  A death knight (D:15)
  3 death yaks (Lair:6)
  3 tengu warriors (D:14)
  An orc high priest (Orc:2)
  6 skeletal warriors (D:15)
  2 unseen horrors
  2 deep trolls
  5 orc knights
  A necromancer (D:15)
  2 lindwurms (Lair:6)
  2 phantasmal warriors (D:15)
  3 deep elf magi
  2 manticores
  6 ugly things
  2 frost giant zombies (D:15)
  4 cyclopes
  A wolf spider (D:11)
  5 shining eyes
  4 orc sorcerers
  12 elephants (Lair:6)
  2 centaur zombies (D:14)
  Maurice (D:8)
  2 moths of wrath (Lair:5)
  2 black mambas (Lair:6)
  A fire giant skeleton (D:15)
  Joseph (Lair:1)
  2 gargoyles
  A guardian serpent (D:10)
  8 spiny frogs
  3 torpor snails
  Psyche (D:8)
  A centaur skeleton (D:13)
  A kobold demonologist (D:12)
  2 komodo dragons (Lair:6)
  2 freezing wraiths (D:15)
  A yaktaur (D:11)
  2 rime drakes (Lair:6)
  3 tengu conjurers (D:14)
  13 trolls
  11 tyrant leeches (Lair:5)
  A polar bear (Lair:5)
  A queen bee (D:10)
  70 slime creatures
  11 dream sheep (Lair:6)
  Prince Ribbit (D:8)
  8 hippogriffs
  A meliai zombie (D:11)
  The ghost of Raine357 the Cutter, an amateur KoCK of Xom (D:4)
  Sigmund (D:4)
  3 wyverns
  3 wraiths
  A redback (D:11)
  35 yaks
  Grum (D:8)
  2 fire elementals (D:14)
  A vampire (D:15)
  2 basilisks
  15 golden eyes
  10 vampire mosquitoes
  10 wargs
  A steam dragon (D:12)
  An acid dragon (D:14)
  A soldier ant (D:12)
  4 swamp worms (Lair:5)
  A porcupine (Lair:1)
  2 hell hounds (D:14)
  8 water moccasins
  27 orc warriors
  7 sky beasts
  A hornet zombie (D:11)
  A phantom (D:8)
  3 ice beasts
  A black bear (D:12)
  6 eyes of draining
  A necrophage (D:10)
  25 ogres
  31 wolves
  5 centaurs
  9 crocodiles
  4 big kobolds
  17 bullfrogs
  6 scorpions
  A troll skeleton (Lab)
  21 killer bees
  3 spriggan skeletons
  8 howler monkeys
  14 wights
  An electric eel (Orc:1)
  6 crimson imps
  2 bullfrog zombies (D:12)
  13 orc priests
  8 jellies
  10 hounds
  29 orc wizards
  3 bullfrog skeletons
  Jessica (D:2)
  4 iguanas
  10 worker ants
  An ogre skeleton (Lab)
  A worker ant zombie (D:8)
  A howler monkey zombie (D:9)
  11 adders
  7 gnolls
  3 shadow imps
  5 oozes (D:9)
  2 adder zombies (D:9)
  2 adder skeletons
  A worm (D:2)
  A dart slug (D:2)
  8 leopard geckos
  111 orcs
  4 giant cockroaches
  14 goblins
  16 hobgoblins
  4 jackals
  7 quokkas
  5 bats
  3 frilled lizards
  A giant cockroach zombie (D:5)
  45 kobolds
  6 rats
  A bush (Lair:1)
  10 plants
933 creatures vanquished.

Vanquished Creatures (collateral kills)
  An orc warlord (Orc:1)
  A deep elf archer (Orc:2)
  3 deep elf magi (Orc:2)
  A troll (Orc:1)
  A warg (Orc:1)
  2 orc warriors (Orc:1)
  An orc priest (Orc:1)
  4 orcs
14 creatures vanquished.

Vanquished Creatures (others)
  An orc high priest (Orc:2)
  A worker ant (D:12)
  An orc (Orc:2)
  5 bushes (Lair:1)
  5 fungi (Lair:6)
  32 plants
  7 withered plants (D:15)
52 creatures vanquished.

Grand Total: 999 creatures vanquished

Notes
Turn   | Place    | Note
-------+----------+-------------------------------------------
     0 | D:1      | Jeremy the Demonspawn Berserker began the quest for the Orb.
     0 | D:1      | Reached XP level 1. HP: 18/18 MP: 1/1
   188 | D:1      | Gained mutation: When seriously injured, your bleeding wounds create armour. (AC +12) [demonic ancestry]
   188 | D:1      | Reached XP level 2. HP: 5/24 MP: 2/2
  1403 | D:2      | Reached XP level 3. HP: 29/29 MP: 3/3
  1428 | D:2      | Noticed Jessica
  1439 | D:2      | Killed Jessica
  1439 | D:2      | Reached skill level 1 in Shields
  1481 | D:2      | Reached XP level 4. HP: 22/35 MP: 4/4
  1488 | D:2      | Found a sparkling altar of Nemelex Xobeh.
  1671 | D:2      | Reached ** piety under Trog
  1867 | D:3      | Found an iron altar of Okawaru.
  1869 | D:3      | Noticed an ogre
  1877 | D:3      | Killed an ogre
  1877 | D:3      | Gained mutation: You are partially covered in sharp spines. [demonic ancestry]
  1877 | D:3      | Reached XP level 5. HP: 42/42 MP: 5/5
  1967 | D:3      | Reached skill level 1 in Short Blades
  1989 | D:3      | Reached skill level 4 in Fighting
  1989 | D:3      | Gained mutation: You have sharp toenails. [demonic ancestry]
  1989 | D:3      | Reached XP level 6. HP: 38/48 MP: 6/6
  2896 | D:4      | Found a white marble altar of Elyvilon.
  2970 | D:4      | Reached *** piety under Trog
  3051 | D:4      | Found a glowing silver altar of Zin.
  3401 | D:4      | Got a pitted glass ring
  3415 | D:4      | Identified the ring "Luhauj" {*Drain +Fly rN+ MR++ Dex+3} (You found it on level 4 of the Dungeon)
  3431 | D:4      | Reached XP level 7. HP: 53/55 MP: 7/7
  3618 | D:4      | Noticed Sigmund
  3623 | D:4      | Killed Sigmund
  3691 | D:4      | Found a runed door.
  3691 | D:4      | Noticed Raine357's ghost (amateur KoCK)
  3712 | D:4      | Killed Raine357's ghost
  3730 | D:4      | Reached skill level 5 in Fighting
  3737 | D:4      | Identified the Almanac of Supportive Clay
  4226 | D:4      | Gained mutation: When hurt, damage is shared between your health and your magic reserves. [demonic ancestry]
  4226 | D:4      | Reached XP level 8. HP: 62/62 MP: 8/8
  4281 | D:5      | Entered Level 5 of the Dungeon
  4900 | D:5      | Reached **** piety under Trog
  5304 | D:6      | Reached skill level 5 in Dodging
  5578 | D:6      | Reached skill level 5 in Armour
  5612 | D:6      | Reached skill level 6 in Fighting
  5616 | D:6      | Gained mutation: You regenerate magic rapidly. [demonic ancestry]
  5616 | D:6      | Reached XP level 9. HP: 69/69 MP: 9/9
  5818 | D:6      | Found a staircase to the Ecumenical Temple.
  6353 | D:7      | Found a glowing golden altar of the Shining One.
  6406 | D:7      | Reached skill level 5 in Shields
  6679 | D:7      | Got a bloodstained long sword
  6684 | D:7      | Identified the +5 long sword "Lacertilian's Funeral" {elec, Stlth+} (You found it on level 7 of the Dungeon)
  6829 | D:7      | Reached skill level 1 in Long Blades
  7166 | D:7      | Found a hazy altar of Hepliaklqana.
  7171 | D:7      | Reached ***** piety under Trog
  7321 | D:8      | Noticed Prince Ribbit
  7325 | D:8      | Killed Prince Ribbit
  7325 | D:8      | Reached skill level 7 in Fighting
  7375 | D:8      | Received a gift from Trog
  7375 | D:8      | Noticed Psyche
  7379 | D:8      | Killed Psyche
  7379 | D:8      | Gained mutation: You have razor-sharp toenails. [demonic ancestry]
  7379 | D:8      | Reached XP level 10. HP: 79/79 MP: 10/10
  7388 | D:8      | Noticed Maurice
  7389 | D:8      | Noticed Grum
  7411 | D:8      | Killed Grum
  7440 | D:8      | Killed Maurice
  7476 | D:8      | Found a shadowy altar of Dithmenos.
  7582 | D:8      | Found a stormy altar of Qazlal.
  7593 | D:8      | Noticed Gastronok
  7606 | D:8      | Killed Gastronok
  7606 | D:8      | Reached skill level 8 in Fighting
  7618 | D:8      | Identified a scroll of acquirement
  7705 | D:8      | Found Qysomoc's Jewellery Emporium.
  8073 | D:9      | Found a shimmering altar of Xom.
  8074 | D:9      | Found a shimmering altar of Xom.
  8076 | D:9      | Found a shimmering altar of Xom.
  8081 | D:9      | Gained mutation: When seriously injured, your bleeding wounds create thick armour. (AC +12) [demonic ancestry]
  8081 | D:9      | Reached XP level 11. HP: 80/86 MP: 11/11
  8116 | D:9      | Found a shimmering altar of Xom.
  8119 | D:9      | Found a shimmering altar of Xom.
  8454 | D:9      | Found a hide-covered altar of Uskayaw.
  8825 | D:9      | Got a steaming ring mail
  8914 | D:9      | Got an ancient hunting sling
  9040 | D:9      | Received a gift from Trog
  9094 | D:9      | Identified the +1 hunting sling of Summoaf {venom, Dex+3} (You found it on level 9 of the Dungeon)
  9106 | D:9      | Identified the cursed +1 ring mail "Nual" {rC+} (You found it on level 9 of the Dungeon)
  9288 | D:10     | Entered Level 10 of the Dungeon
  9537 | D:10     | Found a staircase to the Lair.
  9673 | D:10     | Noticed Erica
  9734 | D:10     | Noticed Erolcha
  9761 | D:10     | Killed Erolcha
  9761 | D:10     | Reached skill level 5 in Long Blades
  9913 | D:10     | Killed Erica
  9913 | D:10     | Reached skill level 9 in Fighting
 10422 | D:11     | Noticed a two-headed ogre
 10431 | D:11     | Killed a two-headed ogre
 10711 | D:11     | Noticed a four-headed hydra
 10716 | D:11     | Killed a six-headed hydra
 10983 | D:11     | Reached XP level 12. HP: 96/96 MP: 12/12
 11303 | D:11     | Found Fiuforph's Gadget Boutique.
 11419 | D:11     | Noticed a centaur warrior
 11423 | D:11     | Noticed a two-headed ogre
 11610 | D:10     | Killed a centaur warrior
 11622 | D:11     | Killed a two-headed ogre
 11773 | D:11     | Noticed a two-headed ogre
 11780 | D:11     | Killed a two-headed ogre
 12074 | D:12     | Found Cairon's Antique Weapon Boutique.
 12087 | D:12     | Reached skill level 10 in Fighting
 12134 | D:12     | Received a gift from Trog
 12311 | D:12     | Noticed a two-headed ogre
 12321 | D:12     | Killed a two-headed ogre
 12348 | D:12     | Received a gift from Trog
 12349 | D:12     | Found the +8 lance "Wyrmbane" {slay drac, rPois rF+ rC+ AC+3}
 12451 | D:12     | Found a staircase to the Orcish Mines.
 12597 | D:12     | Found a flagged portal.
 12611 | Bailey   | Entered a bailey
 12867 | Bailey   | Found the +3 giant club "Skullcrusher" {speed, Str+7}
 13341 | D:12     | Received a gift from Trog
 13672 | Orc:1    | Entered Level 1 of the Orcish Mines
 13762 | Orc:1    | Noticed an orc warlord
 13962 | D:12     | Killed an orc warlord
 13962 | D:12     | Reached XP level 13. HP: 104/104 MP: 9/13
 14161 | Orc:1    | Noticed an orc warlord
 14182 | Orc:1    | Killed an orc warlord
 14514 | Orc:1    | Noticed an ettin
 14521 | Orc:1    | Killed an ettin
 15158 | Orc:2    | Entered Level 2 of the Orcish Mines
 15158 | Orc:2    | Found a labyrinth entrance.
 15213 | Orc:2    | Received a gift from Trog
 15218 | Orc:2    | Found a staircase to the Elven Halls.
 15229 | Lab      | Entered a labyrinth
 16202 | Lab      | Noticed a minotaur
 16226 | Lab      | Killed a minotaur
 16300 | Lab      | Identified the Guide on the Glacier and Beguiling
 16316 | Lab      | Got a pair of encrusted gloves
 16330 | Lab      | Identified the +1 pair of gloves of Astekoaz {-Cast rN++ rCorr} (You found it in a labyrinth)
 16887 | Orc:2    | Noticed an ettin
 16987 | Orc:1    | Killed an ettin
 16987 | Orc:1    | Reached skill level 11 in Fighting
 16987 | Orc:1    | Reached skill level 10 in Dodging
 17330 | Orc:1    | Reached skill level 10 in Armour
 17432 | Orc:1    | Reached skill level 5 in Polearms
 18033 | Orc:1    | Reached skill level 10 in Shields
 18227 | Orc:2    | Found Feewnuji's Food Emporium.
 18229 | Orc:2    | Found Zabled's Gadget Emporium.
 18238 | Orc:2    | Found Asiapsa's Antique Weapon Boutique.
 18243 | Orc:2    | Found Woathep's Weapon Shoppe.
 18279 | Orc:2    | Noticed an ettin
 18289 | Orc:2    | Killed an ettin
 18339 | Orc:2    | Received a gift from Trog
 18750 | Orc:2    | Gained mutation: When seriously injured, your bleeding wounds create very thick armour. (AC +12) [demonic ancestry]
 18750 | Orc:2    | Reached XP level 14. HP: 113/113 MP: 14/14
 19083 | Orc:2    | Noticed an orc warlord
 19124 | Orc:2    | Killed an orc warlord
 20682 | D:13     | Found a gate to the Vaults.
 21468 | D:14     | Reached skill level 12 in Fighting
 21686 | D:14     | Received a gift from Trog
 21787 | D:14     | Noticed Snorg
 21800 | D:14     | Killed Snorg
 21856 | D:14     | Noticed Azrael
 21867 | D:14     | Killed Azrael
 22176 | D:15     | Entered Level 15 of the Dungeon
 22221 | D:15     | Found a sparkling altar of Nemelex Xobeh.
 22251 | D:15     | Gained mutation: You have claws for feet. [potion of mutation]
 22251 | D:15     | Gained mutation: You possess an exceptional clarity of mind. [potion of mutation]
 23368 | D:15     | Reached XP level 15. HP: 122/122 MP: 12/15
 23415 | D:15     | Found a staircase to the Depths.
 23624 | D:15     | Found a hide-covered altar of Uskayaw.
 24783 | Lair:1   | Entered Level 1 of the Lair of Beasts
 24806 | Lair:1   | Noticed Joseph
 24821 | Lair:1   | Killed Joseph
 25295 | Lair:1   | Noticed Harold
 25308 | Lair:1   | Killed Harold
 25785 | Lair:1   | Found a runed door.
 25785 | Lair:1   | Noticed catcat's ghost (journeyman TrFi)
 25817 | Lair:1   | Killed catcat's ghost
 25851 | Lair:1   | Got a translucent morningstar
 25852 | Lair:1   | Identified the cursed +3 morningstar of Eternal War {freeze, rPois MR- Int+6} (You found it on level 1 of the Lair of Beasts)
 26726 | Lair:2   | Found a staircase to the Snake Pit.
 26887 | Lair:2   | Found a staircase to the Swamp.
 27521 | Lair:3   | Got a crude leather armour
 27522 | Lair:3   | Identified the +2 leather armour of Gokadoi {-Cast Regen+ Str-4 Int+7 SInv} (You found it on level 3 of the Lair of Beasts)
 27831 | Lair:4   | You fall through a shaft for 2 floors!
 27831 | Lair:6   | Entered Level 6 of the Lair of Beasts
 27846 | Lair:6   | Received a gift from Trog
 28178 | Lair:6   | Got a pitted plate armour
 28181 | Lair:6   | Identified the cursed +0 plate armour of Zouxzyev {+Inv rN++ Dex-5} (You found it on level 6 of the Lair of Beasts)
 28719 | Lair:6   | Reached skill level 13 in Fighting
 29017 | Lair:6   | Identified Sif Muna's Disquisition on Dusty Displacement
 29603 | Lair:5   | Received a gift from Trog
 29606 | Lair:5   | Found a staircase to the Slime Pits.
 29667 | Lair:5   | Got a translucent short sword
 30054 | Lair:5   | Identified the +5 short sword "Loinikk" {pierce, SInv} (You found it on level 5 of the Lair of Beasts)
 30227 | Lair:5   | Got a pitted jade ring
 30233 | Lair:5   | Identified the ring of the Pariah {+Fly rElec Dex+3} (You found it on level 5 of the Lair of Beasts)
 30407 | Lair:6   | Reached XP level 16. HP: 131/131 MP: 16/16
 30626 | Slime:1  | Entered Level 1 of the Pits of Slime
 30627 | Slime:1  | Noticed an acid blob
 30653 | Lair:5   | Killed an acid blob
 30823 | Slime:1  | Noticed an acid blob
 30841 | Slime:1  | Killed an acid blob
 31002 | Slime:2  | Noticed an acid blob
 31018 | Slime:2  | Killed an acid blob
 31072 | Slime:2  | Gained mutation: Your body sometimes deteriorates upon taking damage. [a shining eye]
 31379 | Slime:3  | Noticed an acid blob
 31394 | Slime:3  | Killed an acid blob
 31513 | Slime:3  | Noticed an acid blob
 31522 | Slime:3  | Killed an acid blob
 31682 | Slime:2  | Received a gift from Trog
 31721 | Slime:2  | Noticed an acid blob
 31764 | Slime:3  | Killed an acid blob
 32081 | Slime:2  | Gained mutation: Scrolls take you a little longer to read. [a shining eye]
 32108 | Slime:2  | Lost mutation: You possess an exceptional clarity of mind. [a shining eye]
 32110 | Slime:2  | Gained mutation: Potions are less effective at restoring your health. [a shining eye]
 32111 | Slime:2  | Gained mutation: Armour fits poorly on your strangely shaped body. [a shining eye]
 32137 | Slime:2  | Noticed an acid blob
 32155 | Slime:2  | Killed an acid blob
 32155 | Slime:2  | Reached skill level 14 in Fighting
 32155 | Slime:2  | Reached skill level 10 in Polearms
 32189 | Slime:4  | Found a viscous altar of Jiyva.
 32189 | Slime:4  | Noticed an acid blob
 32207 | Slime:4  | Killed an acid blob
 32208 | Slime:4  | Lost mutation: Armour fits poorly on your strangely shaped body. [a shining eye]
 32211 | Slime:4  | Gained mutation: You are dopey. (Int -2) [a shining eye]
 32214 | Slime:4  | Gained mutation: Your magical capacity is low. (-10% MP) [a shining eye]
 32417 | Slime:5  | Entered Level 5 of the Pits of Slime
 32443 | Slime:5  | Noticed an acid blob
 32447 | Slime:5  | Noticed an acid blob
 32470 | Slime:5  | Killed an acid blob
 32594 | Slime:5  | Killed an acid blob
 32610 | Slime:5  | Noticed an acid blob
 32619 | Slime:5  | Noticed an acid blob
 32621 | Slime:5  | Killed an acid blob
 32635 | Slime:5  | Killed an acid blob
 32635 | Slime:5  | Gained mutation: When low on magic, you restore magic in place of health. [demonic ancestry]
 32635 | Slime:5  | Reached XP level 17. HP: 102/139 MP: 10/15
 32654 | Slime:5  | Noticed the Royal Jelly
 32665 | Slime:5  | Noticed an acid blob
 32666 | Slime:5  | Noticed an acid blob
 32683 | Slime:5  | Noticed an acid blob
 32692 | Slime:4  | Noticed an acid blob
 32705 | Slime:4  | Slain by an acid blob

Skill      XL: |  1  2  3  4  5  6  7  8  9 10 11 12 13 14 15 16 |
---------------+-------------------------------------------------+-----
Armour         | 2 3 4 5 6 7 8 9 10 11 12 | 12.9
Dodging        | 2 3 4 5 6 7 8 9 10 11 12 13 | 13.0
Polearms       | 3 5 7 8 10 | 10.2
Shields        | 1 2 3 4 5 6 8 9 10 11 12 | 12.8
Short Blades   | 1 2 3 4 |  4.9
Fighting       | 4 5 6 7 8 9 10 11 12 13 14 | 14.1
Long Blades    | 2 4 5 7 |  7.1

Action                   |  1- 3 |  4- 6 |  7- 9 | 10-12 | 13-15 | 16-18 || total
-------------------------+-------+-------+-------+-------+-------+-------++-------
Melee: Spear             |   108 |       |       |       |       |       ||   108
       Dagger            |     8 |   136 |   284 |       |       |       ||   428
       Kick              |       |    16 |   109 |   256 |   607 |   312 ||  1300
       Long sword        |       |       |    38 |   437 |       |       ||   475
       Lance             |       |       |       |   161 |  1559 |   510 ||  2230
 Fire: Hunting sling     |       |       |       |     6 |       |       ||     6
Throw: Javelin           |       |       |       |    23 |       |       ||    23
       Tomahawk          |       |       |       |    24 |     6 |     6 ||    36
Invok: Berserk           |     1 |     3 |     4 |    13 |    37 |     8 ||    66
       Trog's Hand       |       |       |       |     5 |     5 |     1 ||    11
       Brothers in Arms  |       |       |       |       |     3 |     1 ||     4
 Abil: Evoke Flight      |       |       |       |     7 |       |       ||     7
  Use: Scroll            |       |    12 |     9 |     7 |    15 |     1 ||    44
       Potion            |       |       |     4 |     5 |     6 |     1 ||    16
  Eat: Chunk             |     2 |     9 |    17 |    22 |    64 |     1 ||   115
       Ration            |       |       |       |     4 |     8 |     4 ||    16
Armor: Animal skin       |    14 |       |       |       |       |       ||    14
       Ring mail         |    19 |       |       |       |       |       ||    19
       Plate armour      |     7 |    82 |   117 |   324 |   568 |   185 ||  1283
Dodge: Dodged            |    52 |    23 |    88 |   313 |   555 |   146 ||  1177
Block: Buckler           |    14 |    24 |    63 |   256 |   398 |   116 ||   871
       Rpst.: Long sword |       |       |     4 |    45 |       |       ||    49
